 Dungeon Crawl Stone Soup version 0.23.2-1-ga50397a (webtiles) character file.

Game seed: 13445584669945724801

210 Gazerockf the Skirmisher (level 5, -1/78 HPs)
             Began as a Draconian Berserker on May 5, 2019.
             Was a Priest of Trog.
             Splashed by Ijyb's acid (14 damage)
             ... on level 3 of the Dungeon.
             The game lasted 00:07:10 (2188 turns).

Gazerockf the Skirmisher (Draconian Berserker)      Turns: 2188, Time: 00:07:13

Health: -1/78      AC:  9    Str: 28    XL:     5   Next: 56%
Magic:  5/5        EV: 12    Int:  8    God:    Trog [***...]
Gold:   129        SH:  0    Dex: 11    Spells: 4/4 levels left

rFire    . . .     SeeInvis .   c - +1 mace (protect)
rCold    . . .     Gourm    .   (no shield)
rNeg     . . .     Faith    .   (armour unavailable)
rPois    .         Spirit   .   (helmet restricted)
rElec    .         Reflect  .   (no cloak)
rCorr    .         Harm     .   (no gloves)
MR       ++...                  (no boots)
Stlth    ..........             (no amulet)
HPRegen  1.23/turn              e - +1 ring of protection
MPRegen  0.09/turn              n - +4 ring of strength

@: berserking, corroded, protection aura, regenerating, very quick
A: unfitting armour, cold-blooded, AC +5
a: Berserk, Trog's Hand, Renounce Religion


You were on level 3 of the Dungeon.
You worshipped Trog.
Trog was most pleased with you.
You were hungry.

You visited 1 branch of the dungeon, and saw 3 of its levels.

You collected 129 gold pieces.

Inventory:

Hand Weapons
 a - a +0 falchion
 c - a +1 mace of protection (weapon)
Jewellery
 e - a +1 ring of protection (left hand)
 h - an uncursed ring of flight
 n - a +4 ring of strength (right hand)
Scrolls
 d - a scroll of random uselessness {unknown}
 f - 3 scrolls of identify {unknown}
 g - 2 scrolls of remove curse {unknown}
 i - a scroll of teleportation {unknown}
 k - 3 scrolls of fear {unknown}
 m - a scroll of enchant weapon {unknown}
Potions
 j - 2 potions of ambrosia {unknown}
Comestibles
 b - 3 rations
 l - 6 chunks of flesh


   Skills:
 + Level 7.0 Fighting
 - Level 3.0 Long Blades
 - Level 2.6 Dodging


You had 4 spell levels left.
You didn't know any spells.
Your spell library was empty.

Dungeon Overview and Level Annotations

Branches:
Dungeon (3/15)

Altars:
Elyvilon
Ru

Annotations:
D:3 Ijyb


Innate Abilities, Weirdness & Mutations

Your plain brown scales are hard. (AC +5)
You cannot fit into any form of body armour.
You are cold-blooded and may be slowed by cold attacks.


Message History

You closely miss Ijyb. The hobgoblin barely misses you.
The giant cockroach bites you. Ijyb completely misses you.
You hit Ijyb but do no damage.
Your weapon exudes an aura of protection.
The giant cockroach barely misses you.
The hobgoblin hits you but does no damage.
Ijyb zaps a wand.
The bolt of acid hits you.
You are splashed with acid!
You hit Ijyb.
Ijyb is lightly wounded.
The giant cockroach misses you. The hobgoblin completely misses you.
Ijyb zaps a wand.
The bolt of acid hits you.
You are splashed with acid!
* * * LOW HITPOINT WARNING * * *
You barely miss Ijyb.
Ijyb is lightly wounded.
The giant cockroach barely misses you. The hobgoblin closely misses you.
The giant cockroach bites you but does no damage.
Ijyb zaps a wand.
The bolt of acid hits you!
* * * LOW HITPOINT WARNING * * *
You are splashed with acid!
You die...

....... ..... >..[.._8_
...... ......... ......
..8...... ..w...
........##.... ...........
.. # #..#s#g#####.#.#
##.!.@g...##.#.#
#.......#......
######.##.#..####.#
.......##.........# ##
........###.......# #.
#..รท.....##...# #.
........#######...########.
.#.##.... #...#........
#..#.. #...#.#####..


You could see Ijyb, a worm, a giant cockroach and a hobgoblin.

Vanquished Creatures
  A howler monkey (D:2)
  2 orc wizards (D:3)
  A gnoll (D:1)
  3 adders (D:2)
  4 oozes
  2 worms
  A dart slug (D:1)
  A leopard gecko (D:2)
  3 orcs (D:3)
  4 giant cockroaches
  3 hobgoblins (D:1)
  9 kobolds
  A quokka (D:2)
  2 ball pythons
  7 bats
  2 frilled lizards
  6 goblins
  5 rats
57 creatures vanquished.

Notes
Turn   | Place    | Note
-------+----------+-------------------------------------------
     0 | D:1      | Gazerockf the Draconian Berserker began the quest for the
                  | Orb.
     0 | D:1      | Reached XP level 1. HP: 19/19 MP: 1/1
   553 | D:1      | Reached skill level 4 in Fighting
   553 | D:1      | Reached XP level 2. HP: 22/27 MP: 2/2
   700 | D:1      | Reached XP level 3. HP: 31/34 MP: 3/3
   918 | D:1      | Reached ** piety under Trog
  1057 | D:1      | Reached skill level 5 in Fighting
  1630 | D:2      | Reached XP level 4. HP: 33/42 MP: 4/4
  1754 | D:2      | Reached skill level 6 in Fighting
  2018 | D:3      | Reached XP level 5. HP: 51/51 MP: 5/5
  2168 | D:3      | Found a white marble altar of Elyvilon.
  2172 | D:3      | Found a sacrificial altar of Ru.
  2177 | D:3      | Noticed Ijyb
  2179 | D:3      | Reached *** piety under Trog
  2179 | D:3      | Reached skill level 7 in Fighting
  2188 | D:3      | Splashed by Ijyb's acid

Skill      XL: |  1  2  3  4  5 |
---------------+----------------+-----
Fighting       | 4 5 6 7 |  7.0
Long Blades    | |  3.0
Dodging        | |  2.6

Action                   |  1- 3 |  4- 6 || total
-------------------------+-------+-------++-------
Melee: Mace              |   111 |    61 ||   172
       Tailslap          |     8 |    10 ||    18
Invok: Berserk           |       |     2 ||     2
       Trog's Hand       |       |     2 ||     2
 Stab: Sleeping          |     1 |     1 ||     2
  Eat: Chunk             |     2 |     4 ||     6
Armor: Skin              |    59 |    29 ||    88
Dodge: Dodged            |    78 |    59 ||   137
